 Dungeon Crawl Stone Soup version 0.30.1-9-gdf580d7c3d (webtiles) character file.

Game seed: 14145914510535344054

125 Ivernyr the Twirler (level 5, -3/27 HPs)
             Began as a Vine Stalker Gladiator on Sept 26, 2023.
             Succumbed to an orc wizard's poison
             ... on level 3 of the Dungeon.
             The game lasted 00:06:34 (1670 turns).

Ivernyr the Twirler (Vine Stalker Gladiator)        Turns: 1670, Time: 00:06:35

Health: -3/27      AC:  4    Str: 19    XL:     5   Next: 9%
Magic:  4/6        EV: 13    Int:  8    God:
Gold:   182        SH:  0    Dex: 15    Spells: 4/4 levels left

rFire   . . .        a - +0 quarterstaff
rCold   + + .        (shield currently unavailable)
rNeg    . . .        b - +1 robe of Vexation {rC+}
rPois   .            c - +0 helmet
rElec   .            (no cloak)
rCorr   .            (no gloves)
SInv    .            (no boots)
Will    .....        (no amulet)
Stlth   +            p - ring of protection from cold
HPRegen 1.04/turn    (no ring)
MPRegen 0.10/turn

%: guardian spirit
@: lethally poisoned (-3 -> -17)
A: fangs 2, regeneration 1, magic shield, antimagic bite, no potion heal 2
a: no special abilities


You were on level 3 of the Dungeon.
You visited 1 branch of the dungeon, and saw 3 of its levels.

You collected 182 gold pieces.

Inventory:

Hand Weapons
 a - a +0 quarterstaff (weapon)
Missiles
 d - 3 throwing nets (quivered)
 e - a javelin
Armour
 b - the +1 robe of Vexation (worn) {rC+}
   (You found it on level 2 of the Dungeon)

   rC:        It protects you from cold.
 c - a +0 helmet (worn)
Jewellery
 p - a ring of protection from cold (left hand)
Scrolls
 f - a scroll of magic mapping {unknown}
 h - 3 scrolls of amnesia {unknown}
 j - 3 scrolls of identify {unknown}
 l - a scroll of fear {unknown}
 n - a scroll of enchant weapon {unknown}
 o - a scroll of teleportation {unknown}
Potions
 g - 2 potions of haste {unknown}
 i - 2 potions of mutation {unknown}
 k - a potion of berserk rage {unknown}
 m - 2 potions of heal wounds {unknown}


   Skills:
 + Level 2.5 Fighting
 * Level 3.8 Staves
 - Level 1.7 Throwing
 + Level 1.3 Armour
 + Level 3.0 Dodging


You had 4 spell levels left.
You didn't know any spells.
Your spell library contained the following spells:

 Spells                   Type           Power      Damage    Failure   Level
 Magic Dart               Conj           0%         1d3       41%         1
 Searing Ray              Conj           0%         2d4       54%         2
 Fulminant Prism          Conj/Hex       0%         3d5       99%         4


Dungeon Overview and Level Annotations

Branches:
Dungeon (3/15)

Altars:
Qazlal


Innate Abilities, Weirdness & Mutations

You have extremely sharp teeth.
Your natural rate of healing is unusually fast.
When hurt, damage is shared between your health and your magic reserves.
Your bite disrupts and absorbs the magic of your enemies.
Potions cannot restore your health.


Message History

The gnoll hits you with a +0 flail!
An orc comes into view. It is wielding a +0 hand axe.
The orc shouts!
You hit the gnoll.
You kill the gnoll!
Something hits you.
You closely miss something.
You hear some strange, mumbled words.
You are confused.
You bump into the rock wall.
Something hits you.
You are poisoned.
You bump into the rock wall.
You feel sick. Something hits you but does no damage.
You are more poisoned.
You bump into the rock wall.
You feel very sick.
You hear some strange, mumbled words.
Something tries to affect you, but you resist.
You feel very sick.
You bump into the rock wall.
You feel sick.
You hear some strange, mumbled words.
Something tries to affect you, but you resist.
You miss something. Your bite misses something.
You feel less confused.
You feel sick. Something hits you but does no damage.
You are more poisoned.
You hit something but do no damage. You bite something. You drain its magic.
You feel invigorated.
* * * LOW HITPOINT WARNING * * *
You feel very sick. Something hits you.
* * * LOW HITPOINT WARNING * * *
You are more poisoned.
You closely miss something. Your bite misses something.
* * * LOW HITPOINT WARNING * * *
You feel very sick. Something hits you but does no damage.
You are more poisoned.
You miss something. Your bite misses something.
You die...

####...####
######.........##
......).........#
##.###..........#
####...###.## #...#
#.g# #...# ##o# #####
#.# #@## ### #..#
##+## #..###'###
#...## #<##≈~≈~≈#
.....## #.##~≈~≈~#
......## ##..#≈~≈~≈#
.......####...#≈≈)≈≈#
.......'......###'###
.......####...###.#.#


You could see a gnoll and an orc.

Vanquished Creatures
  A hound (D:3)
  An orc wizard (D:3)
  An adder (D:3)
  A gnoll (D:3)
  A worm (D:2)
  2 orcs (D:3)
  3 endoplasms
  A giant cockroach (D:2)
  5 goblins
  3 hobgoblins
  8 jackals
  3 kobolds
  3 ball pythons
  6 bats
  2 frilled lizards
  5 rats
46 creatures vanquished.

Notes
Turn   | Place    | Note
-------+----------+-------------------------------------------
     0 | D:1      | Ivernyr the Vine Stalker Gladiator began the quest for the
                  | Orb.
     0 | D:1      | Reached XP level 1. HP: 11/11 MP: 2/2
   136 | D:1      | Reached XP level 2. HP: 15/15 MP: 3/3
   491 | D:1      | Found a faded altar of an unknown god.
   617 | D:2      | Reached XP level 3. HP: 15/18 MP: 4/4
   676 | D:2      | You fall into a shaft and drop 1 floor!
   683 | D:3      | Reached skill level 1 in Armour
   709 | D:3      | Gained mutation: Your natural rate of healing is unusually
                  | fast. [Vine Stalker growth]
   709 | D:3      | Reached XP level 4. HP: 15/23 MP: 3/5
   981 | D:3      | Found the +5 woodcutter's axe
  1283 | D:2      | Found a stormy altar of Qazlal.
  1348 | D:2      | Identified the +1 robe of Vexation {rC+}
  1657 | D:3      | Reached XP level 5. HP: 26/27 MP: 3/6
  1669 | D:3      | HP: 1/27 [poisoned by an orc wizard]
  1670 | D:3      | Succumbed to an orc wizard's poison

Illustrated notes

Levels and vault maps discovered:
D:1:      amcnicky_arrival_single_pillar, layout_rooms,
          ebering_ecumenical_altar_hall, solitary_fountain,
          hangedman_decor_points
D:2:      wander_river, layout_loops_cross, basic_altar
D:3:      layout_loops_corners, chequers_serial_rivers_room_b,
          grunt_ministairs_15

Skill      XL: |  1  2  3  4 |
---------------+-------------+-----
Fighting       | 2 |  2.5
Staves         | 3 |  3.8
Armour         | 1 |  1.3
Dodging        | 3 |  3.0
Throwing       | |  1.7

Action                     |  1- 3 |  4- 6 || total
---------------------------+-------+-------++-------
  Melee: Quarterstaff      |    53 |    52 ||   105
         Bite              |    12 |    11 ||    23
 Armour: Leather armour    |    26 |    12 ||    38
         Robe              |       |    10 ||    10
  Dodge: Dodged            |    51 |    27 ||    78
